| TOP OF THE 1ST |
|
Tri-City ValleyCats batting - Pitching for Spokane Indians : LHP Luis Marmolejos
|
|
Pitching: LHP Luis Marmolejos
|
|
|
Batting: RHB Justin Olmstead
|
0-0: Ball 1-0: Called Strike 1-1: Swinging Strike 1-2: Ball 2-2: Foul Ball, location: 2F 2-2: Foul Ball, location: 2F 2-2: Ball 3-2: Strikes out looking
|
|
Batting: SHB Salvador Gomez
|
0-0: Ground out U3 (Groundball, 34S, EV 80.0 MPH)
|
|
Batting: RHB Bobby Dunn
|
0-0: Called Strike 0-1: Called Strike 0-2: Strikes out looking
|
| Top of the 1st over - 0 runs, 0 hits, 0 errors, 0 left on base; Tri-City 0 - Spokane 0 |
| BOTTOM OF THE 1ST |
|
Spokane Indians batting - Pitching for Tri-City ValleyCats : RHP Alex Salinas
|
|
Pitching: RHP Alex Salinas
|
|
|
Batting: LHB Jose Baez
|
0-0: Ball 1-0: Ball 2-0: Ball 3-0: Base on Balls
|
|
Batting: LHB Franklin Quezada
|
0-0: Ball Jose Baez steals 2nd base 1-0: Ball 2-0: Foul Ball, location: 2F 2-1: Ground out 1-3 (Groundball, 15S, EV 70.0 MPH)
|
|
Batting: RHB Dennis Daniels
|
0-0: Swinging Strike 0-1: Called Strike 0-2: Ball Passed Ball! Jose Baez to third 1-2: Fly out, F4 (Popup, 4M, EV 50.0 MPH)
|
|
Batting: LHB Ben Radach
|
0-0: Called Strike 0-1: Foul Ball, location: 2F 0-2: SINGLE (Groundball, 4MD, EV 100.0 MPH) Jose Baez scores
|
|
Batting: RHB Jason Swisher
|
0-0: Called Strike 0-1: SINGLE (Line Drive, 34, EV 102.5 MPH) Ben Radach to second
|
|
Batting: RHB Rodolfo Contreras
|
0-0: Ball 1-0: Swinging Strike 1-1: Ball 2-1: Ball 3-1: Called Strike 3-2: Foul Ball, location: 2F 3-2: Foul Ball, location: 2F 3-2: Foul Ball, location: 2F 3-2: Ground out 6-3 (Groundball, 6, EV 106.9 MPH)
|
| Bottom of the 1st over - 1 run, 2 hits, 0 errors, 2 left on base; Tri-City 0 - Spokane 1 |
| TOP OF THE 2ND |
|
Tri-City ValleyCats batting - Pitching for Spokane Indians : LHP Luis Marmolejos
|
|
Batting: SHB Chris Keziah
|
0-0: Foul Ball, location: 2F 0-1: Ball 1-1: Foul Ball, location: 2F 1-2: Strikes out swinging
|
|
Batting: RHB Dan Kurtz
|
0-0: Ball 1-0: Foul Ball, location: 2F 1-1: DOUBLE (Groundball, 5L, EV 95.0 MPH)
|
|
Batting: RHB Juan Mendoza
|
0-0: Called Strike 0-1: Ball 1-1: Foul Ball, location: 2F 1-2: Ball 2-2: Foul Ball, location: 2F 2-2: Strikes out looking
|
|
Batting: RHB Evan Fry
|
0-0: Called Strike 0-1: Ball 1-1: Foul Ball, location: 2F 1-2: Strikes out swinging
|
| Top of the 2nd over - 0 runs, 1 hit, 0 errors, 1 left on base; Tri-City 0 - Spokane 1 |
| BOTTOM OF THE 2ND |
|
Spokane Indians batting - Pitching for Tri-City ValleyCats : RHP Alex Salinas
|
|
Batting: RHB Chris Powell
|
0-0: Called Strike 0-1: Foul Ball, location: 2F 0-2: Foul Ball, location: 2F 0-2: Strikes out swinging
|
|
Batting: RHB Garrison Feltham
|
0-0: Ball 1-0: Ball 2-0: Ball 3-0: Base on Balls
|
|
Batting: RHB Jose Guerrero
|
0-0: Ball 1-0: Called Strike Garrison Feltham steals 2nd base (no throw) 1-1: Swinging Strike 1-2: SINGLE (Groundball, 4D, EV 96.3 MPH) Garrison Feltham to third Runner from 3rd tries for Home, SAFE, throw by RF to home
|
|
Batting: LHB Jose Baez
|
0-0: Called Strike 0-1: Ball Jose Guerrero steals 2nd base (no throw) 1-1: Ball 2-1: Called Strike 2-2: Ball 3-2: Foul Ball, location: 2F 3-2: Foul Ball, location: 2F 3-2: DOUBLE (Line Drive, 5D, EV 100.6 MPH) Jose Guerrero scores
|
|
Batting: LHB Franklin Quezada
|
0-0: Ball Jose Baez steals 3rd base 1-0: Ball 2-0: Fly out, F9 (Flyball, 9, EV 90.6 MPH)
|
|
Batting: RHB Dennis Daniels
|
0-0: Ball 1-0: Called Strike 1-1: Called Strike 1-2: Ball 2-2: Ground out 5-3 (Groundball, 5, EV 79.4 MPH)
|
| Bottom of the 2nd over - 2 runs, 2 hits, 0 errors, 1 left on base; Tri-City 0 - Spokane 3 |
| TOP OF THE 3RD |
|
Tri-City ValleyCats batting - Pitching for Spokane Indians : LHP Luis Marmolejos
|
|
Batting: RHB San-pao Kao
|
0-0: Ball 1-0: Ball 2-0: Called Strike 2-1: SINGLE (Groundball, 3D, EV 107.5 MPH)
|
|
Batting: RHB Mike Koch
|
0-0: Called Strike 0-1: Ball 1-1: Fielders Choice at 2nd, 3-6 (Groundball, 23, EV 89.4 MPH)
|
|
Batting: RHB Justin Olmstead
|
0-0: Called Strike 0-1: Fly out, F7 (Line Drive, 7, EV 85.0 MPH)
|
|
Batting: SHB Salvador Gomez
|
0-0: Ball 1-0: Fielders Choice at 2nd, 4-6 (Groundball, 4MD, EV 85.0 MPH)
|
| Top of the 3rd over - 0 runs, 1 hit, 0 errors, 1 left on base; Tri-City 0 - Spokane 3 |
| BOTTOM OF THE 3RD |
|
Spokane Indians batting - Pitching for Tri-City ValleyCats : RHP Alex Salinas
|
|
Batting: LHB Ben Radach
|
0-0: Called Strike 0-1: Swinging Strike 0-2: Ball 1-2: Ball 2-2: Ball 3-2: Strikes out swinging
|
|
Batting: RHB Jason Swisher
|
0-0: Ball 1-0: Ball 2-0: Ball 3-0: Called Strike 3-1: Called Strike 3-2: Strikes out swinging
|
|
Batting: RHB Rodolfo Contreras
|
0-0: Fly out, F7 (Flyball, 78D, EV 101.9 MPH)
|
| Bottom of the 3rd over - 0 runs, 0 hits, 0 errors, 0 left on base; Tri-City 0 - Spokane 3 |
| TOP OF THE 4TH |
|
Tri-City ValleyCats batting - Pitching for Spokane Indians : LHP Luis Marmolejos
|
|
Batting: RHB Bobby Dunn
|
0-0: Called Strike 0-1: Ball 1-1: DOUBLE (Groundball, 5L, EV 110.6 MPH)
|
|
Batting: SHB Chris Keziah
|
0-0: Ball 1-0: Ball 2-0: Called Strike 2-1: Fly out, F9 (Flyball, 89S, EV 87.5 MPH)
|
|
Batting: RHB Dan Kurtz
|
0-0: Called Strike 0-1: Ball 1-1: Swinging Strike 1-2: Strikes out swinging
|
|
Batting: RHB Juan Mendoza
|
0-0: Called Strike 0-1: Fly out, F4 (Popup, 34, EV 50.6 MPH)
|
| Top of the 4th over - 0 runs, 1 hit, 0 errors, 1 left on base; Tri-City 0 - Spokane 3 |
| BOTTOM OF THE 4TH |
|
Spokane Indians batting - Pitching for Tri-City ValleyCats : RHP Alex Salinas
|
|
Batting: RHB Chris Powell
|
0-0: Called Strike 0-1: DOUBLE (Line Drive, 3D, EV 95.6 MPH)
|
|
Pitching: RHP Calisto Morda
|
|
|
Batting: RHB Garrison Feltham
|
0-0: Foul Ball, location: 2F 0-1: Ball 1-1: Ball 2-1: Called Strike Balk! Chris Powell to third 2-2: Strikes out swinging
|
|
Batting: RHB Jose Guerrero
|
0-0: Ball 1-0: Fly out, F9 (Flyball, 9LD, EV 94.4 MPH) Runner from 3rd tags up, SCORES, throw by RF
|
|
Batting: LHB Jose Baez
|
0-0: Ball 1-0: Ball 2-0: Swinging Strike 2-1: Ball 3-1: Foul Ball, location: 2F 3-2: Foul Ball, location: 2F 3-2: Base on Balls
|
|
Batting: LHB Franklin Quezada
|
0-0: Ball Jose Baez steals 2nd base 1-0: Ball 2-0: Called Strike 2-1: Foul Ball, location: 2F 2-2: SINGLE (Groundball, 6MS, EV 76.3 MPH) (infield hit) Jose Baez to third
|
|
Batting: RHB Dennis Daniels
|
0-0: Called Strike 0-1: Ball 1-1: Ball 2-1: Ball 3-1: Foul Ball, location: 2F 3-2: Base on Balls Franklin Quezada to second
|
|
Batting: LHB Ben Radach
|
0-0: Ball 1-0: Called Strike 1-1: Ball 2-1: Ball 3-1: Base on Balls Jose Baez scores Franklin Quezada to third Dennis Daniels to second
|
|
Batting: RHB Jason Swisher
|
0-0: Ball 1-0: Ball 2-0: Called Strike 2-1: Foul Ball, location: 2F 2-2: GRAND SLAM HOME RUN (Flyball, 78XD, EV 101.9 MPH), Distance : 410 ft
|
|
Batting: RHB Rodolfo Contreras
|
0-0: Ball 1-0: Swinging Strike 1-1: Ball 2-1: Fly out, F7 (Flyball, 78XD, EV 106.9 MPH)
|
| Bottom of the 4th over - 6 runs, 3 hits, 0 errors, 0 left on base; Tri-City 0 - Spokane 9 |
| TOP OF THE 5TH |
|
Tri-City ValleyCats batting - Pitching for Spokane Indians : LHP Luis Marmolejos
|
|
Batting: RHB Evan Fry
|
0-0: Ball 1-0: Foul Ball, location: 2F 1-1: Ball 2-1: Ball 3-1: Foul Ball, location: 2F 3-2: Strikes out swinging
|
|
Batting: RHB San-pao Kao
|
0-0: Called Strike 0-1: Ball 1-1: Called Strike 1-2: Foul Ball, location: 2F 1-2: Foul Ball, location: 2F 1-2: Foul Ball, location: 2F 1-2: Foul Ball, location: 2F 1-2: Ball 2-2: Ball 3-2: Strikes out looking
|
|
Batting: RHB Mike Koch
|
0-0: Reached on error, E5 (Groundball, 5L, EV 100.6 MPH)
|
|
Batting: RHB Justin Olmstead
|
0-0: Ground out U3 (Groundball, 34, EV 103.8 MPH)
|
| Top of the 5th over - 0 runs, 0 hits, 1 error, 1 left on base; Tri-City 0 - Spokane 9 |
| BOTTOM OF THE 5TH |
|
Spokane Indians batting - Pitching for Tri-City ValleyCats : RHP Calisto Morda
|
|
Batting: RHB Chris Powell
|
0-0: Ball 1-0: Ball 2-0: Ball 3-0: Base on Balls
|
|
Batting: RHB Garrison Feltham
|
0-0: Ball 1-0: Ball 2-0: Called Strike 2-1: Called Strike 2-2: Ball 3-2: Strikes out swinging Chris Powell steals 2nd base (no throw) Batter strikes out.
|
|
Batting: RHB Jose Guerrero
|
0-0: Ball 1-0: TRIPLE (Flyball, 8LXD, EV 105.6 MPH) Chris Powell scores
|
|
Pitching: RHP Ruben Pujols
|
|
|
Batting: LHB Jose Baez
|
0-0: Ball 1-0: Ball 2-0: Ball 3-0: Base on Balls
|
|
Batting: LHB Franklin Quezada
|
0-0: Called Strike 0-1: Foul Ball, location: 2F 0-2: Foul Ball, location: 2F 0-2: Ball 1-2: Ball Balk! Jose Guerrero scores Jose Baez to second 2-2: Foul Ball, location: 2F 2-2: Ball 3-2: DOUBLE (Flyball, 78D, EV 103.8 MPH) Jose Baez scores
|
|
Batting: RHB Dennis Daniels
|
0-0: Fly out, F8 (Flyball, 89M, EV 89.4 MPH)
|
|
Batting: LHB Ben Radach
|
0-0: Swinging Strike 0-1: Swinging Strike 0-2: Ball 1-2: Strikes out swinging
|
| Bottom of the 5th over - 3 runs, 2 hits, 0 errors, 1 left on base; Tri-City 0 - Spokane 12 |
| TOP OF THE 6TH |
|
Tri-City ValleyCats batting - Pitching for Spokane Indians : LHP Luis Marmolejos
|
|
Batting: SHB Salvador Gomez
|
0-0: Foul Ball, location: 2F 0-1: Fly out, F8 (Flyball, 8RD, EV 90.0 MPH)
|
|
Batting: RHB Bobby Dunn
|
0-0: Called Strike 0-1: Called Strike 0-2: Ball 1-2: Ball 2-2: Fly out, F4 (Popup, 34, EV 57.5 MPH)
|
|
Batting: SHB Chris Keziah
|
0-0: Foul Ball, location: 2F 0-1: Called Strike 0-2: Ball 1-2: Strikes out swinging
|
| Top of the 6th over - 0 runs, 0 hits, 0 errors, 0 left on base; Tri-City 0 - Spokane 12 |
| BOTTOM OF THE 6TH |
|
Spokane Indians batting - Pitching for Tri-City ValleyCats : RHP Ruben Pujols
|
|
Batting: RHB Jason Swisher
|
0-0: Swinging Strike 0-1: Swinging Strike 0-2: Ball 1-2: Ball 2-2: Ball 3-2: Base on Balls
|
|
Batting: RHB Rodolfo Contreras
|
0-0: Called Strike 0-1: Foul Ball, location: 2F 0-2: Ball 1-2: Ground out U3 (Groundball, 34S, EV 61.3 MPH) Jason Swisher to second
|
|
Batting: RHB Chris Powell
|
0-0: Ball 1-0: Foul Ball, location: 2F 1-1: Foul Ball, location: 2F 1-2: Ball 2-2: DOUBLE (Line Drive, 78D, EV 111.3 MPH) Jason Swisher scores
|
|
Pitching: RHP Chris Miller
|
|
|
Batting: RHB Garrison Feltham
|
0-0: Foul Ball, location: 2F 0-1: Swinging Strike 0-2: Ground out 5-3 (Groundball, 5L, EV 95.0 MPH)
|
|
Batting: RHB Jose Guerrero
|
0-0: Called Strike 0-1: Foul Ball, location: 2F 0-2: Foul Ball, location: 2F 0-2: Ball Wild Pitch! Chris Powell to third 1-2: Hit by Pitch
|
|
Batting: LHB Jose Baez
|
0-0: Swinging Strike 0-1: Ball 1-1: Ball 2-1: Ball 3-1: SINGLE (Flyball, 9S, EV 86.9 MPH) Chris Powell scores Jose Guerrero to second
|
|
Batting: LHB Franklin Quezada
|
0-0: Ground out U3 (Groundball, 3, EV 104.4 MPH)
|
| Bottom of the 6th over - 2 runs, 2 hits, 0 errors, 2 left on base; Tri-City 0 - Spokane 14 |
| TOP OF THE 7TH |
|
Tri-City ValleyCats batting - Pitching for Spokane Indians : LHP Luis Marmolejos
|
|
Batting: RHB Dan Kurtz
|
0-0: Swinging Strike 0-1: Called Strike 0-2: Strikes out swinging
|
|
Batting: RHB Juan Mendoza
|
0-0: Ball 1-0: Ball 2-0: Swinging Strike 2-1: Foul Ball, location: 2F 2-2: Foul Ball, location: 2F 2-2: Strikes out swinging
|
|
Batting: RHB Evan Fry
|
0-0: Fly out, F8 (Line Drive, 8RD, EV 99.4 MPH)
|
| Top of the 7th over - 0 runs, 0 hits, 0 errors, 0 left on base; Tri-City 0 - Spokane 14 |
| BOTTOM OF THE 7TH |
|
Spokane Indians batting - Pitching for Tri-City ValleyCats : RHP Chris Miller
|
|
Pinch Hitting: SHB Tristan Dearing
|
0-0: Ball 1-0: Ball 2-0: Reached via error on a dropped throw from 1B, E1 (Groundball, 13, EV 91.3 MPH)
|
|
Batting: LHB Ben Radach
|
0-0: Swinging Strike 0-1: Ball 1-1: Foul Ball, location: 2F 1-2: Ball Passed Ball! Tristan Dearing to second 2-2: Ball 3-2: Base on Balls
|
|
Batting: RHB Jason Swisher
|
0-0: Ball 1-0: Ball 2-0: Ball 3-0: Called Strike 3-1: Base on Balls Tristan Dearing to third Ben Radach to second
|
|
Pitching: RHP Oscar Andrade
|
|
|
Pinch Hitting: RHB Sergio Zamora
|
0-0: Called Strike 0-1: Ball 1-1: DOUBLE (Line Drive, 7LM, EV 103.1 MPH) Tristan Dearing scores Ben Radach scores Jason Swisher to third
|
|
Pinch Hitting: LHB Guo-ning Ren
|
0-0: Ball 1-0: Ball 2-0: Ball 3-0: Base on Balls
|
|
Pinch Hitting: LHB Dan Seman
|
0-0: Called Strike 0-1: Swinging Strike 0-2: Strikes out swinging
|
|
Batting: RHB Jose Guerrero
|
0-0: Called Strike 0-1: Foul Ball, location: 2F 0-2: Foul Ball, location: 2F 0-2: Ball 1-2: Ball 2-2: Ball 3-2: Base on Balls Jason Swisher scores Sergio Zamora to third Guo-ning Ren to second
|
|
Batting: LHB Jose Baez
|
0-0: Fielders Choice at 2nd, 4-6 (Groundball, 4S, EV 92.5 MPH) Sergio Zamora scores Guo-ning Ren to third
|
|
Pinch Hitting: RHB Kevin Reed
|
0-0: Ball 1-0: Ball 2-0: Ball 3-0: Called Strike 3-1: Base on Balls Jose Baez to second
|
|
Batting: SHB Tristan Dearing
|
0-0: Foul Ball, location: 2F 0-1: Called Strike 0-2: Foul Ball, location: 2F 0-2: Foul Ball, location: 2F 0-2: Strikes out swinging
|
| Bottom of the 7th over - 4 runs, 1 hit, 1 error, 3 left on base; Tri-City 0 - Spokane 18 |
| TOP OF THE 8TH |
|
Tri-City ValleyCats batting - Pitching for Spokane Indians : LHP Luis Marmolejos
|
|
Now at C: Tristan Dearing
|
|
|
Now at 2B: Alex Vasquez
|
|
|
Now at 3B: Guo-ning Ren
|
|
|
Now in LF: Kevin Reed
|
|
|
Now in CF: Jose Baez
|
|
|
Now in RF: Sergio Zamora
|
|
|
Batting: RHB San-pao Kao
|
0-0: Swinging Strike 0-1: Ground out 6-3 (Groundball, 6, EV 98.1 MPH)
|
|
Batting: RHB Mike Koch
|
0-0: Ball 1-0: Ball 2-0: Called Strike 2-1: Ball 3-1: Foul Ball, location: 2F 3-2: Foul Ball, location: 2F 3-2: Ground out 6-3 (Groundball, 4M, EV 83.1 MPH)
|
|
Batting: RHB Justin Olmstead
|
0-0: SOLO HOME RUN (Flyball, 7D, EV 96.3 MPH), Distance : 372 ft
|
|
Batting: SHB Salvador Gomez
|
0-0: Called Strike 0-1: Foul Ball, location: 2F 0-2: Ball 1-2: Ball 2-2: Ball 3-2: Foul Ball, location: 2F 3-2: Base on Balls
|
|
Pitching: LHP Alpo Pertusov
|
|
|
Batting: RHB Bobby Dunn
|
0-0: Swinging Strike 0-1: Called Strike 0-2: Strikes out swinging
|
| Top of the 8th over - 1 run, 1 hit, 0 errors, 1 left on base; Tri-City 1 - Spokane 18 |
| BOTTOM OF THE 8TH |
|
Spokane Indians batting - Pitching for Tri-City ValleyCats : RHP Oscar Andrade
|
|
Batting: LHB Ben Radach
|
0-0: Ball 1-0: Fly out, F7 (Flyball, 7, EV 95.0 MPH)
|
|
Batting: RHB Jason Swisher
|
0-0: Ball 1-0: Ball 2-0: Foul Ball, location: 2F 2-1: Ball 3-1: Foul Ball, location: 2F 3-2: Base on Balls
|
|
Batting: RHB Sergio Zamora
|
0-0: Called Strike 0-1: Foul Ball, location: 2F 0-2: Ball 1-2: Ball 2-2: Ball 3-2: Foul Ball, location: 2F 3-2: Base on Balls Jason Swisher to second
|
|
Batting: LHB Guo-ning Ren
|
0-0: Foul Ball, location: 2F 0-1: Ball 1-1: Ball 2-1: Swinging Strike 2-2: Ball 3-2: Foul Ball, location: 2F 3-2: Base on Balls Jason Swisher to third Sergio Zamora to second
|
|
Pinch Hitting: RHB Alex Silva
|
0-0: Called Strike 0-1: Fielders Choice at 2nd, 5-4 (Groundball, 56, EV 106.9 MPH) Jason Swisher scores Sergio Zamora to third
|
|
Batting: RHB Jose Guerrero
|
0-0: Ball 1-0: Called Strike 1-1: Ball 2-1: Called Strike 2-2: Ground out 4-3 (Groundball, 4, EV 103.8 MPH)
|
| Bottom of the 8th over - 1 run, 0 hits, 0 errors, 2 left on base; Tri-City 1 - Spokane 19 |
| TOP OF THE 9TH |
|
Tri-City ValleyCats batting - Pitching for Spokane Indians : LHP Alpo Pertusov
|
|
Now at 1B: Roger Renteria
|
|
|
Now at 2B: Alex Silva
|
|
|
Batting: SHB Chris Keziah
|
0-0: Called Strike 0-1: Ball 1-1: Ground out 5-3 (Groundball, 56, EV 105.6 MPH)
|
|
Batting: RHB Dan Kurtz
|
0-0: Ball 1-0: Called Strike 1-1: Ball 2-1: Ball 3-1: Base on Balls
|
|
Batting: RHB Juan Mendoza
|
0-0: Ball 1-0: Ball 2-0: Fielders Choice at 2nd, 6-4 (Groundball, 6, EV 94.4 MPH)
|
|
Batting: RHB Evan Fry
|
0-0: Swinging Strike 0-1: Swinging Strike 0-2: Strikes out swinging
|
| Top of the 9th over - 0 runs, 0 hits, 0 errors, 1 left on base; Tri-City 1 - Spokane 19 |
|